Map: Ruby Rock LE

Players

HoldTheDoor

  • Race: Protoss Protoss
  • League: Diamond
  • Spawn Location: 5:00

Sydluxer - Winner!

  • Race: Terran Terran
  • League: Diamond
  • Spawn Location: 11:00

VOD

Have the link to the VOD?

Description

Time

  • Played on: May 7, 2026, 12:14 p.m.
  • Length: 26:43
Show
View Real Time Build Order
Export as new Build Order

HoldTheDoor Protoss 

Build Orders: 1 Gate Expand 

Get SALT Encoding   

  12  0:00  Probe  
  13  0:12  Probe  
  14  0:17  Pylon  
  14  0:23  Probe  
  15  0:31  Probe  
  15  0:40  Probe, Gateway  
  16  0:48  Assimilator  
  17  0:50  Probe  
  18  1:03  Probe  
  19  1:05  Pylon  
  19  1:15  Probe  
  20  1:27  Probe  
  20  1:28  Cybernetics Core  
  20  1:39  Nexus  
  20  1:42  Probe  
  21  1:50  Assimilator  
  21  1:57  Warp Gate  
  21  1:58  Probe  
  21  2:00  Pylon  
  22  2:08  Adept  
  22  2:10  Probe  
  25  2:23  Probe, Shield Battery  
  26  2:35  Probe  
  27  2:38  Sentry  
  29  2:47  Probe  
  29  2:50  Pylon  
  30  2:52  Probe  
  30  2:57  Robotics Facility  
  31  2:59  Probe  
  32  3:16  Probe  
  33  3:26  Probe  
  34  3:27  Gateway  
  34  3:29  Gateway, Probe  
  35  3:34  Shield Battery  
  35  3:38  Probe  
  36  3:41  Probe  
  36  3:46  Robotics Bay  
  37  3:50  Probe  
  37  3:53  Immortal  
  37  3:55  Probe  
  43  3:59  Zealot  
  45  4:07  Probe, Twilight Council  
  45  4:08  Probe  
  47  4:19  Probe  
  47  4:20  Probe  
  47  4:22  Gateway  
  49  4:24  Zealot  
  49  4:25  Zealot  
  49  4:31  Pylon  
  53  4:34  Probe  
  53  4:36  Pylon  
  54  4:39  Extended Thermal Lance  
  54  4:40  Charge  
  54  4:49  Probe x2  
  54  4:52  Assimilator  
  56  4:53  Assimilator  
  56  4:56  Zealot  
  56  4:58  Zealot  
  60  5:00  Zealot  
  62  5:10  Probe  
  63  5:28  Adept x2  
  64  5:46  Pylon  
  64  5:49  Shield Battery  
  64  5:50  Pylon, Shield Battery  
  64  5:58  Pylon  
  64  6:01  Colossus  
  64  6:08  Probe, Zealot x2  
  64  6:09  Zealot  
  77  6:15  Probe  
  78  6:25  Zealot  
  80  6:27  Probe  
  81  6:35  Probe  
  82  6:41  Pylon  
  82  6:43  Probe, Pylon, Gateway  
  83  6:47  Gateway, Probe  
  84  6:55  Probe, Stargate  
  84  6:57  Pylon  
  84  6:58  Colossus  
  84  7:01  Blink  
  91  7:05  Nexus  
  91  7:09  Shield Battery  
  91  7:12  Forge  
  92  7:15  Probe  
  92  7:17  Probe  
  92  7:19  Zealot  
  92  7:21  Sentry  
  97  7:30  Templar Archives  
  97  7:34  Pylon  
  97  7:36  Probe  
  98  7:38  Probe  
  99  7:44  Pylon  
  99  7:48  Pylon  
  99  7:49  Probe, Zealot x2  
  99  7:50  Zealot  
  106  7:52  Sentry  
  106  7:56  Protoss Ground Weapons Level 1  
  108  8:04  Probe, Pylon  
  109  8:12  Zealot x5  
  119  8:18  Psionic Storm  
  119  8:20  Probe  
  119  8:21  Probe  
  121  8:28  Probe  
  121  8:32  Probe  
  123  8:35  Forge  
  123  8:37  Pylon  
  123  8:40  Gateway  
  123  8:41  Gateway  
  123  8:45  Probe  
  123  8:46  Pylon, Probe  
  123  8:47  Probe  
  126  8:57  Colossus  
  126  9:01  Phoenix  
  134  9:05  Probe x2  
  134  9:07  Probe  
  134  9:08  Protoss Ground Armor Level 1  
  137  9:11  Assimilator, High Templar x2  
  137  9:12  High Templar x2  
  137  9:13  High Templar  
  137  9:15  High Templar  
  149  9:17  Archon  
  149  9:22  Probe  
  150  9:34  Probe x2  
  150  9:36  Assimilator  
  152  9:38  Probe  
  152  9:39  Zealot  
  152  9:40  Protoss Air Armor Level 1  
  152  9:43  Zealot x2  
  152  9:44  Zealot x2  
  152  9:45  Zealot  
  165  9:46  Zealot  
  165  9:49  Probe  
  168  9:56  Protoss Ground Weapons Level 2  
  168  10:05  Pylon  
  168  10:11  Pylon  
  168  10:19  Probe x2  
  170  10:21  Pylon  
  170  10:22  Colossus  
  170  10:25  Pylon  
  176  10:33  High Templar x3  
  182  10:35  Zealot  
  182  10:36  Zealot x2, Nexus  
  182  10:40  High Templar  
  183  10:53  Zealot  
  160  11:12  Probe x3  
  160  11:17  Photon Cannon x2  
  163  11:20  Photon Cannon  
  163  11:24  Probe x3  
  166  11:26  Gateway  
  166  11:29  Gateway  
  166  11:32  Gateway  
  166  11:33  Gateway  
  166  11:39  Gateway, Warp Prism  
  166  11:41  Gateway  
  166  11:43  Gateway  
  166  11:46  Pylon  
  168  11:47  Nexus  
  168  11:48  Pylon  
  168  11:50  Probe x2  
  170  12:04  Photon Cannon  
  170  12:06  Photon Cannon  
  170  12:07  Pylon  
  106  12:52  Stalker  
  106  12:53  Stalker x9  
  106  12:54  Stalker x5  
  136  13:02  Pylon  
  136  13:05  Pylon  
  136  13:09  Pylon  
  136  13:15  Zealot  
  136  13:16  Zealot x4  
  128  13:25  Immortal  
  121  13:29  Probe  
  122  13:39  Nexus  
  122  13:43  High Templar x6  
  122  13:44  High Templar  
  122  13:45  High Templar  
  122  13:47  High Templar  
  140  13:48  High Templar  
  140  13:50  Archon x2  
  140  13:52  Archon  
  140  13:54  High Templar x3  
  148  13:57  High Templar  
  148  13:59  Archon  
  148  14:01  Archon  
  150  14:03  Zealot  
  152  14:21  Photon Cannon  
  152  14:22  Photon Cannon  
  152  14:23  Shield Battery  
  152  14:26  Pylon  
  152  14:29  Photon Cannon  
  152  14:30  Probe x2  
  154  14:40  Pylon  
  154  14:43  Zealot x5  
  154  14:44  Zealot x2  
  162  15:20  Stalker x5  
  162  15:21  Stalker x3  
  160  15:49  Probe  
  157  16:01  Pylon x2  
  155  16:04  Pylon  
  155  16:07  Pylon  
  155  16:08  Photon Cannon  
  155  16:09  Pylon  
  149  16:12  Photon Cannon  
  149  16:24  Stalker x4  
  149  16:25  Stalker  
  159  16:29  High Templar x2  
  163  16:34  Archon  
  163  16:39  Probe, Pylon  
  164  16:46  Assimilator  
  164  16:51  Assimilator  
  164  17:03  High Templar x3  
  164  17:04  High Templar x5  
  164  17:05  High Templar  
  164  17:07  Archon x2  
  164  17:08  Archon x2  
  182  17:09  High Templar x2  
  182  17:13  Archon  
  186  17:22  Pylon  
  186  17:24  Pylon  
  186  17:37  Stalker x3  
  186  17:38  Stalker  
  194  17:59  Zealot x3  
  126  18:25  Stargate  
  126  18:27  Phoenix  
  126  18:28  Stargate  
  126  18:32  Stargate  
  128  18:34  High Templar x2  
  128  18:35  High Templar x2  
  128  18:38  Archon  
  128  18:39  Archon  
  126  19:05  Stalker x3  
  126  19:06  Stalker x5  
  142  19:15  Phoenix  
  142  19:32  Nexus  
  142  19:38  Stalker  
  144  19:39  High Templar  
  144  19:40  High Templar  
  148  19:49  Pylon  
  148  20:11  Phoenix  
  150  20:18  Stalker x5  
  164  20:33  Void Ray  
  164  20:41  Protoss Ground Weapons Level 3  
  164  20:44  Protoss Ground Armor Level 2  
  164  20:51  Pylon  
  164  20:53  Protoss Air Weapons Level 1  
  164  20:54  Photon Cannon  
  164  21:05  Photon Cannon  
  164  21:08  Photon Cannon  
  164  21:10  Pylon  
  116  22:15  Void Ray x3  
  132  22:16  Void Ray  
  130  22:50  Assimilator  
  130  22:52  Assimilator  
  130  22:58  Void Ray x3  
  146  22:59  Void Ray  
  146  23:04  Pylon  
  146  23:06  Nexus  
  146  23:11  Fleet Beacon  
  146  23:15  Pylon  
  146  23:20  Zealot x4  
  146  23:21  Zealot x9  
  146  23:22  Zealot x2  
  146  23:26  Archon  
  176  23:49  Zealot x10  
  176  23:50  Zealot x2  
  176  23:52  Gateway  
  176  23:54  Gateway  
  200  23:57  Gateway  
  200  23:58  Gateway  
  188  24:23  Zealot x4  
  188  24:24  Zealot x2  
  150  24:55  Stalker  
  150  24:56  Stalker x10  
  150  24:57  Stalker  
  92  25:15  High Templar x4  
  100  25:24  Assimilator  
  100  25:35  Nexus  
  100  25:44  Pylon  
  100  25:50  Pylon  
  100  25:54  Assimilator  
  100  26:03  Zealot x3  
  100  26:04  Zealot x4  
  112  26:05  Pylon  
  112  26:07  Pylon  
  114  26:15  Photon Cannon  
  98  26:24  Zealot x5  
  92  26:27  Probe  
  92  26:30  Pylon  
  91  26:38  Zealot x3  
Show
View Real Time Build Order
Export as new Build Order

Sydluxer Terran - Winner!

Build Orders: Reaper Expand 

Get SALT Encoding   

  12  0:00  SCV  
  13  0:12  SCV  
  14  0:17  Supply Depot  
  14  0:24  SCV  
  15  0:38  SCV  
  15  0:40  Barracks  
  16  0:44  Refinery  
  16  0:50  SCV  
  17  1:02  SCV  
  18  1:15  SCV  
  19  1:27  Orbital Command  
  19  1:28  Reaper  
  20  1:42  Command Center  
  20  1:54  SCV  
  21  2:00  Barracks Reactor  
  21  2:06  SCV  
  22  2:10  Supply Depot  
  22  2:17  Barracks  
  22  2:18  SCV  
  22  2:20  Barracks  
  23  2:30  SCV  
  23  2:38  Marine  
  23  2:39  Marine  
  23  2:42  SCV  
  26  2:51  Bunker  
  26  2:54  SCV  
  26  2:56  Orbital Command, Marine x2  
  29  3:06  Barracks Tech Lab x2  
  29  3:10  SCV  
  30  3:14  Marine x2  
  32  3:23  Supply Depot, SCV  
  32  3:24  SCV  
  32  3:26  Combat Shield, Stimpack  
  34  3:30  Marauder  
  36  3:35  Marauder  
  38  3:48  Supply Depot  
  38  3:49  Marine x2  
  38  3:51  Marauder  
  38  3:52  SCV  
  38  3:53  SCV  
  44  3:57  Refinery  
  44  3:59  Engineering Bay  
  44  4:01  Marauder  
  46  4:05  SCV x2  
  46  4:06  Marine  
  46  4:07  Marine  
  50  4:11  Supply Depot  
  51  4:17  SCV  
  51  4:19  Supply Depot  
  51  4:21  Marauder  
  51  4:22  SCV, Marauder  
  56  4:24  Marine x2  
  56  4:29  SCV  
  59  4:42  Supply Depot, Marine x2  
  59  4:43  Marauder  
  59  4:44  Marauder  
  59  4:45  Concussive Shells  
  65  4:47  Refinery, Missile Turret  
  65  4:48  Refinery  
  65  4:52  Missile Turret  
  65  4:53  SCV  
  65  4:59  SCV  
  67  5:00  Marine x2  
  67  5:04  Marauder  
  67  5:05  SCV, Marauder  
  73  5:18  Marine  
  51  5:43  Marine  
  51  5:44  Marine x3  
  55  5:51  Barracks, Factory, Terran Infantry Weapons Level 1  
  55  5:53  SCV x2, Engineering Bay  
  55  5:55  Command Center  
  57  6:02  Marine  
  57  6:03  Marauder x2, Marine  
  63  6:05  SCV x2  
  65  6:17  SCV x2  
  67  6:20  Marine  
  67  6:21  Marine  
  67  6:24  Terran Infantry Armor Level 1, Marauder x2  
  73  6:29  SCV  
  73  6:30  SCV  
  73  6:32  Supply Depot  
  75  6:37  Starport  
  75  6:38  Factory Reactor  
  75  6:39  Marine x2  
  77  6:41  SCV  
  77  6:42  Barracks Reactor  
  77  6:46  Marauder x2  
  82  6:51  SCV  
  82  6:53  SCV  
  84  7:01  Missile Turret  
  84  7:03  SCV  
  84  7:06  Missile Turret, Armory  
  85  7:08  Missile Turret  
  85  7:09  Missile Turret  
  85  7:11  SCV x2  
  85  7:12  Missile Turret  
  85  7:15  SCV  
  88  7:21  Starport  
  88  7:23  Barracks  
  88  7:25  Barracks  
  88  7:26  Barracks  
  88  7:27  Medivac  
  90  7:31  Medivac  
  92  7:39  SCV x2  
  94  7:47  Refinery  
  95  7:51  SCV x2  
  95  7:57  Medivac  
  98  7:58  Starport Tech Lab  
  98  8:01  Medivac  
  98  8:02  Starport Reactor  
  98  8:03  SCV, Terran Ship Weapons Level 1  
  98  8:05  Terran Infantry Weapons Level 2  
  101  8:08  Supply Depot  
  101  8:12  Supply Depot  
  101  8:19  SCV x2  
  104  8:20  Missile Turret  
  104  8:21  Planetary Fortress  
  104  8:22  Command Center  
  103  8:30  Missile Turret  
  103  8:33  Missile Turret, SCV  
  103  8:34  SCV, Missile Turret  
  105  8:35  Missile Turret  
  105  8:38  Barracks Tech Lab  
  105  8:39  Barracks Tech Lab  
  105  8:40  Barracks Tech Lab  
  105  8:42  Terran Infantry Armor Level 2  
  105  8:45  SCV  
  105  8:46  SCV  
  105  8:47  Fusion Core  
  107  8:51  Refinery  
  107  8:54  Marine x2, Marauder x2  
  113  9:12  SCV x3  
  113  9:15  Marauder  
  118  9:17  Command Center  
  118  9:21  Missile Turret  
  118  9:24  SCV x2  
  118  9:26  Missile Turret, Marine, Marauder x2  
  125  9:33  Marine x4, Medivac  
  125  9:35  Advanced Ballistics  
  125  9:38  Medivac x3  
  133  9:44  Missile Turret  
  137  9:47  Missile Turret  
  137  9:59  Missile Turret  
  137  10:01  Sensor Tower  
  137  10:03  Liberator  
  140  10:08  Liberator x2  
  140  10:09  Marine x2  
  148  10:18  Supply Depot  
  148  10:19  Supply Depot  
  148  10:24  Missile Turret  
  148  10:28  Marine x3  
  148  10:29  Marauder x4, Command Center  
  159  10:48  Marine x2  
  159  10:49  Marine x2, Marauder  
  164  10:50  Marine, Marauder x3  
  142  11:06  Marine x2  
  142  11:08  Liberator x3, Marauder  
  142  11:10  Marauder  
  138  11:12  Marauder x3, Marine x2  
  138  11:16  Planetary Fortress  
  145  11:22  Terran Vehicle And Ship Armor Level 1  
  145  11:24  Terran Infantry Weapons Level 3, Marine x2  
  147  11:29  Marauder  
  147  11:31  Planetary Fortress  
  149  11:38  SCV x3  
  152  11:42  Orbital Command  
  152  11:49  Liberator  
  152  11:50  SCV x2  
  152  11:51  Liberator  
  160  12:04  Command Center  
  160  12:09  Missile Turret  
  160  12:10  Missile Turret x2  
  160  12:11  Medivac  
  160  12:12  Marine x4  
  160  12:13  Marauder x3  
  174  12:18  Terran Infantry Armor Level 3  
  155  12:43  SCV  
  155  12:44  SCV x5, Marine x5, Marauder  
  149  12:45  Marine, Marauder x2  
  161  12:55  SCV  
  161  12:56  SCV x2  
  164  13:02  Marine x3  
  164  13:03  Marauder  
  169  13:12  Missile Turret  
  169  13:17  Refinery  
  169  13:18  Refinery  
  162  13:45  Missile Turret x2  
  162  13:46  Missile Turret  
  162  13:47  Missile Turret x2  
  162  13:59  Command Center  
  162  14:00  Missile Turret  
  162  14:01  Neosteel Armor  
  162  14:02  Missile Turret  
  162  14:05  Sensor Tower  
  162  14:15  Starport x3  
  162  14:18  Starport  
  162  14:21  Armory  
  162  14:24  Missile Turret  
  162  14:27  Starport  
  162  14:43  Terran Vehicle And Ship Armor Level 2  
  162  14:51  Supply Depot  
  162  14:55  Hi-Sec Auto Tracking  
  160  15:09  SCV x5  
  147  15:21  SCV x4  
  148  15:30  Refinery  
  148  15:31  Refinery  
  145  15:42  Marine x5, Marauder  
  127  15:43  Marauder x3  
  127  15:46  Liberator x2  
  127  15:47  Liberator x2  
  122  15:53  Missile Turret, SCV x5  
  127  16:00  Missile Turret  
  127  16:01  Marauder  
  125  16:05  SCV x2  
  125  16:06  SCV x3  
  129  16:13  Liberator  
  129  16:17  SCV  
  129  16:18  SCV x4  
  129  16:20  Starport Tech Lab  
  129  16:22  Liberator  
  129  16:24  Marine  
  131  16:27  Command Center  
  131  16:29  SCV  
  131  16:30  SCV  
  133  16:43  Missile Turret  
  133  16:44  Missile Turret  
  133  16:55  Starport Tech Lab x2  
  133  16:56  Starport Tech Lab  
  133  17:11  Marauder x3  
  133  17:12  Marauder x2, Marine x4  
  147  17:29  Marine  
  147  17:30  Marine x3  
  147  17:32  Marine x3  
  153  17:46  Marine  
  153  17:47  Marine x2  
  153  17:50  Marauder  
  153  17:51  Marauder  
  148  18:26  Marine x5, Command Center  
  148  18:27  Marine x3, Marauder  
  158  18:43  Terran Ship Weapons Level 2  
  158  18:44  Marine x2  
  147  19:23  Sensor Tower  
  146  19:38  Missile Turret  
  146  19:44  Orbital Command  
  146  19:45  Starport Tech Lab  
  146  19:47  Missile Turret  
  146  19:53  Refinery  
  146  19:55  Refinery, Missile Turret  
  146  19:56  Missile Turret  
  146  20:00  Missile Turret x2  
  146  20:01  Missile Turret  
  146  20:18  Marine  
  146  20:19  Marine x5  
  157  20:34  Command Center  
  152  20:46  Sensor Tower  
  152  21:01  Missile Turret  
  152  21:02  Marine x2  
  152  21:03  Marine x5, Marauder  
  152  21:04  Marauder, Missile Turret, Sensor Tower  
  163  21:05  Command Center  
  163  21:20  Marine x2  
  164  21:39  Marine x5  
  150  21:40  Marauder x4  
  150  21:41  Liberator  
  147  21:55  Refinery x2  
  147  21:57  Marine x4  
  147  21:58  Marauder  
  147  22:01  Marine, Marauder x3  
  150  22:12  Missile Turret  
  150  22:15  Marine x4, Missile Turret  
  153  22:19  Marine  
  154  22:26  Planetary Fortress  
  151  22:44  Missile Turret  
  151  22:46  Missile Turret x2  
  151  22:48  Missile Turret  
  151  22:54  Command Center  
  151  22:58  Planetary Fortress, Missile Turret  
  151  23:00  Missile Turret  
  151  23:02  SCV x2  
  151  23:03  SCV x3  
  156  23:07  Missile Turret  
  156  23:10  Medivac x3  
  156  23:12  Marine x2  
  164  23:14  Marine x2  
  164  23:19  Marine, Marauder x3  
  175  23:20  Marauder  
  175  23:23  SCV x3  
  178  23:32  SCV  
  178  23:33  SCV, Missile Turret  
  180  23:35  SCV  
  181  23:48  Sensor Tower  
  181  23:50  Marine x6, Marauder x3  
  193  24:07  Marine  
  193  24:08  Missile Turret  
  193  24:09  Liberator  
  196  24:10  Liberator  
  196  24:17  Command Center  
  147  25:10  Marine x3  
  147  25:11  Marine x3, Marauder x3  
  143  25:15  Medivac x2  
  147  25:25  SCV  
  147  25:26  SCV x4  
  147  25:28  Marine x3  
  152  25:29  Marauder x2  
  152  25:32  Marauder  
  161  25:51  Planetary Fortress  
  161  25:52  Liberator x2  
  161  25:53  Liberator  
  170  25:58  SCV x3  
  172  26:36  Missile Turret  
  172  26:38  Missile Turret  
Tags
 
Add a new tag
Caveats
  • Supply blocks, unpowered buildings, or Contaminate may cause inaccurate times.
  • Supply counts are checked every 10 seconds.